 Dungeon Crawl Stone Soup version 0.32-a0-931-g5a2cda0630 (webtiles) character file.

Game seed: 16450843684076263987

5645 rbyellow5 the Grappler (level 10, -2/68 HPs)
             Began as an Octopode Fighter on Apr 13, 2024.
             Slain by a larval shockox beast (9 damage)
             ... on level 7 of the Dungeon.
             The game lasted 00:19:55 (8055 turns).

rbyellow5 the Grappler (Octopode Fighter)           Turns: 8055, Time: 00:19:56

Health: -2/68      AC:  1    Str: 24    XL:     10   Next: 74%
Magic:  10/10      EV:  5    Int: 11    God:
Gold:   400        SH:  5    Dex: 13    Spells: 9/9 levels left

rFire   . .          .
                       - Unarmed
rCold   . . .        a - +0 buckler
rNeg    + . .        (helmet restricted)
rPois   .            (no amulet)
rElec   .            h - ring of willpower
rCorr   .            n - +6 ring of strength
SInv    +            j - ring of positive energy
Will    +....        C - ring of see invisible
Stlth   ++           (no ring)
HPRegen 0.31/turn    (no ring)
MPRegen 0.12/turn    (no ring)
                     (no ring)

%: no passive effects
@: about to teleport, constricted, studying Spellcasting
A: almost no armour, amphibious, 8 rings, camouflage 1, gelatinous body 1,
(nimble swimmer 1), tentacles
a: no special abilities


You were on level 7 of the Dungeon.
You visited 1 branch of the dungeon, and saw 7 of its levels.
You also visited: Bailey.

You collected 400 gold pieces.

Inventory:

Missiles
 b - 21 stones
 u - 3 atropa-tipped darts
 y - 4 darts of dispersal
 B - a poisoned dart
Armour
 a - a +0 buckler (worn)
 A - a +0 buckler
Jewellery
 h - a ring of willpower (left tentacle)
 j - a ring of positive energy (on tentacle)
 n - a +6 ring of strength (right tentacle)
 C - a ring of see invisible (on tentacle)
Talismans
 w - a blade talisman
Wands
 r - a wand of flame (25)
Scrolls
 c - a scroll of revelation
 i - 3 scrolls of enchant armour
 k - a scroll of immolation
 l - a scroll of enchant weapon {unknown}
 m - 2 scrolls of teleportation
 p - a scroll of brand weapon {unknown}
 s - a scroll of poison
Potions
 d - a potion of mutation
 e - a potion of heal wounds {unknown}
 g - a potion of enlightenment
 v - 2 potions of might
 x - 2 potions of brilliance
 z - a potion of attraction {unknown}


   Skills:
 + Level 6.3 Fighting
 + Level 3.7 Throwing
 + Level 8.1 Dodging
 + Level 5.9 Shields
 + Level 11.1 Unarmed Combat


You had 9 spell levels left.
You didn't know any spells.
Your spell library contained the following spells:

 Spells                   Type           Power      Damage    Failure   Level
 Summon Small Mammal      Summ           0%         N/A       38%         1
 Static Discharge         Conj/Air       0%         3-3/arc   52%         2
 Call Canine Familiar     Summ           0%         N/A       77%         3
 Airstrike                Air            0%         2d(0-16)  99%         4
 Summon Blazeheart Golem  Fire/Summ      0%         N/A       99%         4
 Summon Lightning Spire   Summ/Air       0%         N/A       99%         4
 Iskenderun's Battlesphe  Conj           0%         2d6       100%        5
 Bombard                  Conj/Erth      0%         9d1       100%        6
 Spellforged Servitor     Conj/Summ      0%         N/A       100%        7


Dungeon Overview and Level Annotations

Branches:
Dungeon (7/15)             Temple (0/1) D:7          Bailey (visited)

Altars:
Fedhas
Uskayaw

Shops:
D:6 [


Innate Abilities, Weirdness & Mutations

You cannot wear most types of armour.
You are amphibious.
You can wear up to eight rings at the same time.
Your skin changes colour to match your surroundings (Stealth+).
Your rubbery body absorbs attacks. (AC +1, EV +1)
((You are camouflaged when in or above water. (Stealth+)))
You have tentacles for arms and can constrict up to eight enemies at once.


Message History

You constrict the larval oxfire beast.
The larval shockox beast bursts into living lightning!
The living lightning misses you.
The larval shockox beast blinks!
The larval oxfire beast barely misses you.
You block the larval oxfire beast's attack.
You tentacle-slap the larval oxfire beast but do no damage.
You tentacle-slap the larval oxfire beast, but do no damage.
You squeeze the larval oxfire beast, but do no damage.
The larval oxfire beast is severely wounded.
You constrict the larval oxfire beast. The larval oxfire beast hits you.
The larval oxfire beast barely misses you.
You block the juvenile fireweird beast's attack. x2
As you read the scroll of teleportation, it crumbles to dust.
You feel strangely unstable.
You constrict the larval oxfire beast, but do no damage.
The juvenile fireweird beast hits you.
You block the juvenile fireweird beast's attack.
The larval shockox beast hits you!
The larval shockox beast barely misses you.
The larval oxfire beast breathes flames at you.
The blast of flame hits you.
You bludgeon the larval oxfire beast!
You kill the larval oxfire beast!
The juvenile fireweird beast completely misses you.
The juvenile fireweird beast closely misses you.
The larval shockox beast barely misses you.
The larval shockox beast tramples you.
You hold your ground!
Unknown command.
You tentacle-slap the larval shockox beast.
Your grab misses the larval shockox beast.
The larval shockox beast is moderately wounded.
You tentacle-slap the larval shockox beast but do no damage.
You grab the larval shockox beast. You squeeze the larval shockox beast!
The larval shockox beast is severely wounded.
You constrict the larval shockox beast. The juvenile fireweird beast hits you!
The juvenile fireweird beast grabs you.
The juvenile fireweird beast constricts you!!
* * * LOW HITPOINT WARNING * * *
The larval shockox beast hits you!
You die...

......# #...# #..>..
####### #.÷.# ***####.#
*** #..[# **,** #.#
**,****####)## **,,>**
#.. *,,,,,,#...)#
**,,,,,**###
**,,,,,##.)(###*,,,,,,,*
*,,,*##...#..##*,,,,,**
*,,**#..H)....#**,,,**
*,,**#...@#...#,**,**
**,*#....†H......*,****
*.....).........*,,,,*
*....#..........#***,****
*###......}..#..#*,,,,,,*
#............,*,*,,*,*
#..#........#**,*,,*,*
#.....?...#.# *,,,,*,*
****,,,,,,,,,,,* *,**,*,*


You could see 2 mutant beasts.

Vanquished Creatures
  2 vault guards (Bailey)
  Prince Ribbit (Bailey)
  Grinder (D:4)
  6 humans (Bailey)
  2 water moccasins
  3 ice beasts
  A sky beast (D:7)
  4 black bears
  15 bullfrogs
  A gnoll sergeant (D:6)
  2 scorpions
  5 killer bees (D:7)
  3 mutant beasts (D:7)
  5 orc priests
  A jelly (D:5)
  A bombardier beetle (D:4)
  Jessica (D:3)
  4 iguanas
  Natasha (thrice) (D:2)
  4 orc wizards
  13 gnolls
  8 adders
  2 shadow imps
  A white imp (D:7)
  2 ufetubi (D:7)
  2 dart slugs (D:5)
  20 orcs
  9 bats
  10 endoplasms
  5 giant cockroaches
  13 goblins
  7 hobgoblins
  6 jackals
  5 quokkas
  5 ball pythons
  6 frilled lizards
  6 kobolds
  3 rats
188 creatures vanquished.

Notes
Turn   | Place    | Note
-------+----------+-------------------------------------------
     0 | D:1      | rbyellow5 the Octopode Fighter began the quest for the Orb.
     0 | D:1      | Reached XP level 1. HP: 16/16 MP: 1/1
   106 | D:1      | Reached XP level 2. HP: 18/21 MP: 2/2
   298 | D:1      | Reached XP level 3. HP: 26/26 MP: 3/3
   529 | D:2      | Noticed Natasha
   537 | D:2      | Killed Natasha
   538 | D:2      | Reached XP level 4. HP: 19/31 MP: 4/4
   696 | D:2      | Noticed Natasha
   706 | D:2      | Killed Natasha
   707 | D:2      | Reached skill level 3 in Unarmed Combat
   852 | D:2      | Found a faded altar of an unknown god.
   987 | D:2      | You fall into a shaft and drop 2 floors!
  1046 | D:4      | Noticed Grinder
  1056 | D:4      | Killed Grinder
  1057 | D:4      | Reached skill level 4 in Unarmed Combat
  1057 | D:4      | Reached XP level 5. HP: 33/37 MP: 5/5
  1057 | D:4      | Reached XP level 6. HP: 39/43 MP: 6/6
  1330 | D:3      | Noticed Jessica
  1335 | D:3      | Killed Jessica
  1476 | D:2      | Noticed Natasha
  1482 | D:2      | Killed Natasha
  1709 | D:3      | Reached skill level 5 in Dodging
  1709 | D:3      | Reached XP level 7. HP: 45/48 MP: 7/7
  2698 | D:4      | Reached skill level 5 in Unarmed Combat
  2712 | D:4      | Reached skill level 1 in Throwing
  3019 | D:4      | Reached XP level 8. HP: 39/54 MP: 8/8
  3342 | D:4      | Reached skill level 6 in Unarmed Combat
  3897 | D:5      | Entered Level 5 of the Dungeon
  4686 | D:6      | Reached skill level 7 in Unarmed Combat
  5035 | D:6      | Identified a scroll of acquirement
  5045 | D:6      | Acquired a manual of Spellcasting
  5290 | D:6      | Reached skill level 5 in Fighting
  5290 | D:6      | Reached XP level 9. HP: 26/61 MP: 9/9
  5451 | D:6      | Reached skill level 5 in Shields
  5592 | D:6      | Found a blossoming altar of Fedhas.
  5592 | D:6      | Found a hide-covered altar of Uskayaw.
  5645 | D:6      | Found Bamaame's Antique Armour Boutique.
  5655 | D:6      | Reached skill level 8 in Unarmed Combat
  6017 | D:7      | Found a flagged portal.
  6109 | Bailey   | Entered a bailey
  6369 | Bailey   | Reached skill level 9 in Unarmed Combat
  6569 | Bailey   | Noticed a vault guard
  6653 | Bailey   | Reached skill level 10 in Unarmed Combat
  6653 | Bailey   | Reached XP level 10. HP: 45/68 MP: 10/10
  6969 | Bailey   | Killed a vault guard
  7073 | Bailey   | Noticed Prince Ribbit
  7073 | Bailey   | Noticed a vault guard
  7088 | Bailey   | Killed Prince Ribbit
  7185 | Bailey   | Killed a vault guard
  7341 | D:7      | Reached skill level 11 in Unarmed Combat
  7760 | D:7      | Noticed a juvenile fireweird beast
  8055 | D:7      | Slain by a larval shockox beast

Illustrated notes

Levels and vault maps discovered:
D:1:      ncdulo_wetmaze, layout_basic, st_stairs_5, minmay_misc_feat_alley
D:2:      layout_loops_ring, shapermc_ecumenical_altar_hornbeckon,
          chequers_serial_rivers_micro_b, kennysheep_big_empty_room,
          uniq_natasha
D:3:      layout_basic, minmay_misc_feat_four_crosses, uniq_jessica
D:4:      layout_layer_cave, nzn_random_ring, uniq_grinder
D:5:      layout_cave_pools
D:6:      layout_basic, gammafunk_temple_overflow_elements, serial_shops,
          nicolae_shop_overgrown_old_shop
D:7:      layout_loops_cross, minmay_temple_entry_proselytizer, enter_bailey_2,
          nicolae_beast_mode

Skill      XL: |  1  2  3  4  5  6  7  8  9 10 |
---------------+-------------------------------+-----
Unarmed Combat | 4 5 7 10 11 | 11.1
Fighting       | 4 5 6 |  6.3
Dodging        | 4 5 6 7 8 |  8.1
Shields        | 4 5 |  5.9
Throwing       | 1 2 3 |  3.7

Action                     |  1- 3 |  4- 6 |  7- 9 | 10-12 || total
---------------------------+-------+-------+-------+-------++-------
  Melee: Unarmed           |    56 |    72 |   232 |    56 ||   416
         Constrict         |    15 |    16 |    57 |    14 ||   102
         Tentacles         |     8 |    20 |    61 |    11 ||   100
         Punch             |       |     1 |    14 |     4 ||    19
  Throw: Dart              |     1 |       |     4 |     4 ||     9
         Stone             |       |       |    36 |     2 ||    38
         Boomerang         |       |       |     1 |     7 ||     8
         Throwing net      |       |       |     1 |       ||     1
  Evoke: Wand              |       |       |     7 |    18 ||    25
    Use: Potion            |     1 |     1 |     4 |     1 ||     7
         Scroll            |       |     4 |    10 |     1 ||    15
   Stab: Sleeping          |     4 |     5 |     5 |       ||    14
         Invisible         |       |       |     1 |     3 ||     4
 Armour: Skin              |    29 |    29 |   116 |    39 ||   213
  Dodge: Dodged            |    27 |    26 |   113 |    50 ||   216
  Block: Buckler           |     9 |    12 |    43 |    11 ||    75

Table legend: (Time is in decaauts)
 A = Elapsed time spent in this place.
 B = Non-inter-level travel time spent in this place.
 C = Inter-level travel time spent in this place.
 D = Time resting spent in this place.
 E = Time spent auto-exploring this place.
 F = Levels seen in this place.
 G = Mean time per level.
                   A        B        C        D        E       F      G
               +--------+--------+--------+--------+--------+-----+--------+
         Total |   8016 |   7842 |    174 |   1566 |   4843 |   8 | 1002.0 |
       Dungeon |   6907 |   6733 |    174 |    803 |   4749 |   7 |  986.7 |
        Bailey |   1109 |   1109 |      0 |    763 |     94 |   1 | 1109.0 |
               +--------+--------+--------+--------+--------+-----+--------+

Top non-repeatable levels by time:
     D:4: 1508 daAuts
     D:6: 1407 daAuts
     D:3: 1126 daAuts
  Bailey: 1109 daAuts
     D:7: 847 daAuts
     D:2: 777 daAuts
     D:5: 774 daAuts
     D:1: 465 daAuts
